AoeStats
← MonoKiller19892

Arena

509269133Analyzed
1v1 RM · 7d ago on Sep 26, 2026· 50m 59s· 2 players
Game mode
Random Map
Map size
Tiny (2 player)
Population
200
Speed
Normal
Resources
Standard
Victory
Conquest
Starting age
Dark Age
Ending age
Imperial Age
RankedLock teamsTeams togetherTeam positionsShared explorationLock speedFull tech treeHidden civsTurbo modeCheats
Victory
Defeat
🇲🇽 Persians · Mexico
730
+14
🇪🇨 Romans · Ecuador
688
-14
MonoKiller19892
2:03 Loom
13:55 Feudal Age
15:40 Wheelbarrow
14:47 Horse Collar
14:56 Double-Bit Axe
15:54 Gold Mining
17:08 Stone Mining
16:54 Man-at-Arms
19:29 Scale Mail Armor
19:37 Town Watch
23:42 Castle Age
23:08 Fletching
23:29 Forging
23:59 Padded Archer Armor
25:54 Bow Saw
25:18 Long Swordsman
25:58 Squires
25:34 Light Cavalry
26:24 Bloodlines
26:33 Leather Archer Armor
26:38 Heavy Plow
28:36 Gold Shaft Mining
27:51 Pikeman
30:42 Hand Cart
30:47 Fervor
31:40 Bodkin Arrow
31:42 Elite Skirmisher
37:40 Imperial Age
35:49 Ballistas
36:36 Husbandry
38:14 Fortified Wall
38:01 Capped Ram
38:35 Halberdier
40:22 Conscription
41:44 Crop Rotation
42:56 Chain Mail Armor
42:38 Siege Ram
44:15 Town Patrol
44:23 Legionary
45:47 Ballistics
46:28 Chemistry
45:19 Guard Tower
46:44 Iron Casting
47:03 Heavy Scorpion
48:32 Murder Holes
MK Sinaloa
0:52 Loom
10:38 Feudal Age
12:00 Wheelbarrow
11:10 Town Watch
12:59 Horse Collar
13:07 Double-Bit Axe
20:18 Castle Age
24:53 Fervor
26:26 Scale Barding Armor
26:35 Forging
29:41 Imperial Age
27:20 Murder Holes
28:33 Bow Saw
28:26 Heavy Plow
30:02 Ballistics
29:50 Kamandaran
30:04 Bloodlines
29:55 Husbandry
31:24 Conscription
31:20 Citadels
31:51 Crop Rotation
31:21 Gold Mining
31:22 Stone Mining
34:26 Cavalier
35:30 Chain Barding Armor
36:48 Hand Cart
36:36 Town Patrol
39:08 Plate Barding Armor
39:12 Iron Casting
38:27 Fletching
38:39 Padded Archer Armor
39:45 Chemistry
40:08 Savar
40:18 Crossbowman
41:06 Thumb Ring
42:09 Blast Furnace
45:00 Bodkin Arrow
45:21 Leather Archer Armor
Connection lost

Rejoining the realm…

Still unreachable

The connection could not be restored.

Session expired

The server has moved on; the page needs a fresh start.